 Dungeon Crawl Stone Soup version 0.27.1-3-gb3d3a73c9e (webtiles) character file.

Game seed: 389249910225750828

219882 raph the Spry (level 19, -1/155 HPs)
             Began as a Merfolk Gladiator on Oct 5, 2021.
             Was a High Priest of Okawaru.
             Slain by a jiangshi (14 damage)
             ... on level 1 of the Vaults.
             The game lasted 01:41:14 (47031 turns).

raph the Spry (Merfolk Gladiator)                  Turns: 47031, Time: 01:41:15

Health: -1/155     AC: 21    Str: 16    XL:     19   Next: 16%
Magic:  23/25      EV: 27    Int:  8    God:    Okawaru [*****.]
Gold:   1318       SH:  0    Dex: 21    Spells: 18/30 levels left

rFire    + + +     SeeInvis +   R - +8 halberd of Inconvenience {freeze, Drain Fragile rF++ rN+++}
rCold    + . .     Faith    +   (shield currently unavailable)
rNeg     + + +     Spirit   .   V - +0 swamp dragon scales
rPois    +         Reflect  .   c - +1 helmet
rElec    .         Harm     .   H - +2 cloak {Will+}
rCorr    .         Rampage  .   O - +1 pair of gloves {Stlth+}
Will     ++...                  T - +0 pair of boots of Itanavu {Slay+2 SInv}
Stlth    ++++++....             M - amulet of faith
HPRegen  0.35/turn              r - ring of protection from fire
MPRegen  0.19/turn              B - ring of protection from cold

@: about to teleport, heroic
A: (nimble swimmer 2), mertail, low mp 1
}: 1/15 runes: decaying
a: Renounce Religion, Heroism, Finesse


You were on level 1 of the Vaults.
You worshipped Okawaru.
Okawaru was extremely pleased with you.
You visited 7 branches of the dungeon, and saw 34 of its levels.
You also visited: Ossuary.

You collected 3277 gold pieces.
You spent 1959 gold pieces at shops.

Inventory:

Hand Weapons
 a - a +6 halberd of flaming
 q - a +1 glaive
 G - a +2 vorpal glaive
 R - the +8 halberd of Inconvenience (weapon) {freeze, Drain Fragile rF++ rN+++}
   (Okawaru gifted it to you on level 1 of the Lair of Beasts)

   It freezes those it strikes, dealing additional cold damage.
   It can also slow down cold-blooded creatures.
   rF:        It greatly protects you from fire.
   rN:        It renders you almost immune to negative energy.
   Drain:     It drains your maximum health when unequipped.
   Fragile:   It will be destroyed if unequipped.
 W - a +1 demon trident of draining
Missiles
 b - 10 silver javelins
 d - 3 throwing nets
 z - 76 poisoned darts
 C - 7 boomerangs
 S - 4 boomerangs of dispersal
 Y - 23 javelins (quivered)
Armour
 c - a +1 helmet (worn)
 H - a +2 cloak of willpower (worn)
 O - a +1 pair of gloves of stealth (worn)
 T - the +0 pair of boots of Itanavu (worn) {Slay+2 SInv}
   (You bought it in a shop on level 2 of the Orcish Mines)

   Slay:      It affects your accuracy & damage with ranged weapons and melee
   (+2).
   SInv:      It lets you see invisible.
 V - +0 swamp dragon scales (worn)
Jewellery
 e - a ring of willpower
 r - a ring of protection from fire (left hand)
 B - a ring of protection from cold (right hand)
 M - an amulet of faith (around neck)
Wands
 h - a wand of polymorph (34)
 n - a wand of acid (24)
 s - a wand of digging (16)
 v - a wand of iceblast (39)
 J - a wand of flame (42)
 X - a wand of paralysis (41)
Scrolls
 i - 11 scrolls of identify
 k - 7 scrolls of immolation
 l - 6 scrolls of magic mapping
 o - a scroll of fog
 y - 16 scrolls of teleportation
 K - 6 scrolls of amnesia
 P - 4 scrolls of enchant weapon
Potions
 f - 9 potions of curing
 g - 6 potions of haste
 j - 3 potions of berserk rage
 m - 4 potions of magic
 p - 5 potions of flight
 t - 2 potions of brilliance
 u - 4 potions of ambrosia
 x - a potion of heal wounds
 A - 10 potions of might
 D - 2 potions of resistance
 E - 6 potions of mutation
 F - a potion of invisibility
 U - 4 potions of cancellation
Miscellaneous
 w - a phantom mirror


   Skills:
 + Level 15.5(20.5) Fighting
 + Level 17.9(22.9) Polearms
 + Level 12.7(17.7) Throwing
 + Level 8.4(13.4) Armour
 + Level 18.3(23.3) Dodging
 - Level 9.0(14.0) Stealth
 - Level 6.2 Spellcasting
 - Level 3.8 Necromancy
 + Level 6.5 Translocations
 - Level 8.9 Invocations
 - Level 9.4 Evocations


You had 18 spell levels left.
You knew the following spells:

 Your Spells              Type           Power      Damage    Failure   Level
a - Animate Dead          Necr           4%         N/A       58%         4
b - Blink                 Tloc           N/A        N/A       3%          2
c - Animate Skeleton      Necr           16%        N/A       8%          1
d - Manifold Assault      Tloc           12%        N/A       56%         5

Your spell library contained the following spells:

 Spells                   Type           Power      Damage    Failure   Level
 Pain                     Necr           32%        1d5       8%          1
 Gell's Gravitas          Tloc           6%         N/A       8%          3
 Lesser Beckoning         Tloc           6%         N/A       8%          3
 Teleport Other           Tloc           12%        N/A       8%          3
 Vampiric Draining        Necr           4%         2d6       22%         3
 Passage of Golubria      Tloc           N/A        N/A       26%         4
 Magic Dart               Conj           8%         1d3       36%         1
 Searing Ray              Conj           4%         3d3       50%         2
 Static Discharge         Conj/Air       2%         N/A       50%         2
 Conjure Flame            Conj/Fire      2%         6-21      73%         3
 Ignite Poison            Fire/Tmut/Pois 2%         N/A       73%         3
 Mephitic Cloud           Conj/Pois/Air  2%         N/A       73%         3
 Tukima's Dance           Hex            2%         N/A       73%         3
 Fulminant Prism          Conj/Hex       1%         3d6       98%         4
 Leda's Liquefaction      Hex/Erth       1%         N/A       98%         4
 Sticky Flame             Conj/Fire      2%         2d3       98%         4
 Blade Hands              Tmut           1%         N/A       100%        5
 Bolt of Magma            Conj/Fire/Erth 1%         4d4       100%        5
 Irradiate                Conj/Tmut      1%         3d14      100%        5
 Lightning Bolt           Conj/Air       1%         1d12      100%        5
 Yara's Violent Unravell  Hex/Tmut       1%         3d3       100%        5
 Statue Form              Tmut/Erth      1%         N/A       100%        6
 Dragon Form              Tmut           1%         N/A       100%        7
 Haunt                    Necr/Summ      2%         N/A       100%        7
 Malign Gateway           Summ/Tloc      3%         N/A       100%        7
 Storm Form               Tmut/Air       1%         N/A       100%        7
 Infestation              Necr           4%         N/A       100%        8
 Maxwell's Capacitive Co  Air            1%         ∞         100%        8
 Summon Horrible Things   Summ           1%         N/A       100%        8


Dungeon Overview and Level Annotations

Branches:
Dungeon (15/15)            Temple (1/1) D:4            Lair (6/6) D:11
  Swamp (4/4) Lair:2        Snake (4/4) Lair:2        Slime (0/5) Lair:6
    Orc (2/2) D:9             Elf (0/3) Orc:2        Vaults (2/5) D:13
  Crypt (0/3) Vaults:2     Depths (0/5) D:15        Ossuary (visited)

Altars:
Ashenzari
Cheibriados
Dithmenos
Elyvilon
Fedhas
Gozag
Hepliaklqana
Kikubaaqudgha
Makhleb
Nemelex Xobeh
Okawaru
Qazlal
Ru
Sif Muna
Trog
Uskayaw
Vehumet
Wu Jian
Xom
Yredelemnul
Zin
The Shining One
Jiyva

Shops:
D:7 [   D:11 :   Orc:2 (?:[   Vaults:1 (

Annotations:
D:4 3 runed translucent doors, Borgoz's ghost, novice GrGl
Lair:1 3 runed translucent doors, exclusion: 2 oklob plants, Domino's ghost, journeyman MiBe; MisterFreud's ghost, journeyman GnFi; raph's ghost, journeyman DDNe
Lair:6 exclusion: oklob plant
Swamp:3 Bai Suzhen
Snake:4 1 exclusion
Orc:2 3 runed translucent doors, raph's ghost, journeyman MfGl


Innate Abilities, Weirdness & Mutations

((You are quick and stealthy near water. (Stealth+, EV+, Speed+++)))
Your lower body shifts to a powerful aquatic tail in water.
Your magical capacity is low. (-10% MP)


Message History

You are too injured to fight recklessly!
You are too injured to fight recklessly!
You are too injured to fight recklessly!
You slash the ghoul! You freeze the ghoul.
The ghoul is heavily damaged.
The jiangshi completely misses you. x2
You gain the combat prowess of a mighty hero.
The jiangshi closely misses you. The jiangshi misses you.
The ghoul barely misses you. The ghoul claws you!!
* * * LOW HITPOINT WARNING * * *
The ghoul claws you.
* * * LOW HITPOINT WARNING * * *
The ghoul misses you.
You slash the ghoul! You freeze the ghoul.
The ghoul is heavily damaged.
The ghoul misses you. The ghoul claws you!
* * * LOW HITPOINT WARNING * * *
You slash the ghoul! You freeze the ghoul.
The ghoul is heavily damaged.
The ghoul completely misses you. The ghoul misses you.
You closely miss the ghoul.
The ghoul is heavily damaged.
You slash the ghoul! You freeze the ghoul.
The ghoul is severely damaged.
The jiangshi barely misses you. The jiangshi completely misses you.
The ghoul barely misses you. The ghoul claws you!
* * * LOW HITPOINT WARNING * * *
The jiangshi barely misses you. The jiangshi claws you!
* * * LOW HITPOINT WARNING * * *
Okay, then.
Okay, then.
Casting: Blink (safe; 3% risk of failure)
Confirm with . or Enter, or press ? or * to list all spells.
You blink.
Okay, then.
Okay, then.
As you read the scroll of teleportation, it crumbles to dust.
You feel strangely unstable. The jiangshi claws you!
You die...

# #...>..# # #......#
################# #
#......# #........#......#
#......# #........#......#
##+##'### #........'..>...#
#.......# #........#......#
#..)....# #.....n..#......#
#...∩.[.# #........#......#
#.......# #@V......#......#
#.......# #........########
#.>.....# #........#
#.......# #........#
#######'##########'########
..........................#
..........................#
...###########..########..#
...#.........#..#......#..#


You could see a ghoul and a jiangshi.

Vanquished Creatures
  Vashnia (Snake:2)
  Nikola (Swamp:4)
  2 tentacled monstrosities (Swamp:2)
  Frances (Swamp:1)
  An azure jelly (Swamp:4)
  2 fenstrider witches
  2 vault wardens (Vaults:1)
  An orc warlord (Vaults:1)
  Aizul (Snake:2)
  An ironbound preserver (Vaults:2)
  2 ghouls (Swamp:4)
  5 bunyips
  An ettin (Orc:1)
  4 eleionomae
  A fire dragon (D:12)
  Josephine (D:13)
  A great orb of eyes (Vaults:1)
  Fannar (Lair:1)
  14 naga warriors
  5 boulder beetles
  12 hydras
  2 ice dragons (Swamp:4)
  3 catoblepae (Lair:6)
  Harold (Lair:1)
  4 ogre magi
  2 rakshasas
  3 anacondas (Snake:2)
  A spriggan air mage (Swamp:3)
  4 ghost crabs
  An ironbound frostheart (Vaults:1)
  4 alligators
  2 centaur warriors
  6 two-headed ogres
  2 death knights
  3 tengu warriors
  3 orc high priests (Orc:2)
  Urug (Lair:6)
  14 death yaks
  10 naga sharpshooters
  Nergalle (Lair:3)
  A shock serpent (Snake:4)
  4 skeletal warriors (D:13)
  6 goliath frogs
  2 salamander mystics
  6 anaconda zombies (Snake:2)
  A death drake (Swamp:2)
  A glowing orange brain (D:15)
  2 spriggan druids
  2 bog bodies
  4 swamp dragons
  5 deep trolls (Vaults:2)
  4 naga ritualists
  5 spectral anacondas (Snake:2)
  3 ironbound convokers (Vaults:1)
  7 orc knights
  A phantasmal warrior (D:14)
  5 anaconda skeletons (Snake:2)
  3 wizards (Vaults:1)
  A harpy (Vaults:1)
  25 ugly things
  Pikel (D:6)
  2 deep elf pyromancers (D:12)
  6 orc sorcerers (Orc:2)
  8 manticores
  10 mana vipers
  6 cyclopes
  9 salamanders
  2 will-o-the-wisps
  7 naga magi
  31 black mambas
  A gargoyle (D:13)
  2 vault sentinels (Vaults:1)
  17 elephants
  A torpor snail (Lair:2)
  6 guardian serpents
  18 cane toads
  A kobold demonologist (D:7)
  2 unseen horrors
  6 yaktaurs
  5 rime drakes
  11 komodo dragons
  2 anaconda simulacra (Snake:2)
  9 freezing wraiths
  2 tengu conjurers (D:15)
  5 trolls
  A bloated husk (Swamp:2)
  7 tyrant leeches
  A queen bee (shapeshifter) (D:12)
  3 hornets
  3 polar bears
  3 meliai (D:13)
  A hornet (shapeshifter) (D:15)
  14 slime creatures
  16 blink frogs
  A meliai zombie (D:11)
  5 dream sheep (Lair:6)
  4 spriggans
  3 shadows
  A centaur simulacrum (D:12)
  2 vampires
  A redback (D:12)
  6 wyverns
  5 wraiths (D:13)
  Eustachio (D:6)
  48 yaks
  A hog (Swamp:3)
  A human (shapeshifter) (D:13)
  6 swamp worm simulacra (Swamp:4)
  5 basilisks
  4 vampire mosquitoes (Swamp:2)
  Menkaure (D:7)
  36 nagas
  12 swamp worms
  14 hydra simulacra (Swamp:4)
  An acid dragon (shapeshifter) (D:15)
  7 water moccasins
  A swamp drake (Swamp:2)
  2 sky beasts (D:7)
  An ice beast (D:7)
  16 orc warriors
  A black bear (shapeshifter) (D:13)
  3 black bears
  2 necrophages
  7 ogres
  5 centaurs
  12 wolves
  A lemure (D:6)
  2 phantoms
  14 bullfrogs
  2 kobold brigands
  A gnoll sergeant (D:8)
  6 scorpions
  A wyvern skeleton (D:7)
  7 killer bees
  10 wights
  6 howler monkeys
  2 electric eels (D:12)
  3 centaur zombies
  A bullfrog skeleton (D:5)
  A hound (D:6)
  A jelly (D:7)
  A gnoll shaman (Orc:2)
  9 orc priests
  A centaur skeleton (D:7)
  Crazy Yiuf (D:7)
  Ijyb (D:3)
  Jessica (D:2)
  6 iguanas
  11 orc wizards
  5 hell rats (Lair:6)
  A killer bee zombie (D:6)
  8 ogre zombies (D:9)
  2 hound zombies
  4 mummies (Ossuary)
  2 howler monkey zombies
  23 gnolls
  6 adders
  4 shadow imps
  2 white imps
  2 ufetubi (D:6)
  2 swamp drake simulacra (Swamp:4)
  2 adder zombies (Ossuary)
  2 worms
  3 dart slugs
  49 orcs
  2 ball pythons
  9 endoplasms
  6 giant cockroaches
  A gnoll zombie (Ossuary)
  5 goblins
  8 hobgoblins
  2 jackals (D:2)
  5 quokkas
  9 bats
  4 frilled lizards
  A goblin skeleton (D:9)
  6 goblin zombies
  6 hobgoblin zombies
  15 kobolds
  A kobold zombie (Ossuary)
  3 orc skeletons (D:9)
  14 orc zombies
  7 rats
  2 rat zombies (Ossuary)
961 creatures vanquished.

Vanquished Creatures (collateral kills)
  A gnoll (D:4)
1 creature vanquished.

Vanquished Creatures (others)
  A tyrant leech (Swamp:4)
  A bloated husk (Swamp:3)
  A necrophage (Swamp:4)
  2 orc priests (Orc:2)
  An orc wizard (Orc:2)
  An orc (Orc:2)
  2 foxfires (Lair:2)
  37 fungi
  77 plants
  4 withered plants (Lair:1)
127 creatures vanquished.

Grand Total: 1089 creatures vanquished

Notes
Turn   | Place    | Note
-------+----------+-------------------------------------------
     0 | D:1      | raph the Merfolk Gladiator began the quest for the Orb.
     0 | D:1      | Reached XP level 1. HP: 16/16 MP: 1/1
   434 | D:1      | Reached XP level 2. HP: 23/23 MP: 2/2
   649 | D:1      | Reached skill level 5 in Polearms
   752 | D:1      | Found a faded altar of an unknown god.
   942 | D:1      | Reached XP level 3. HP: 28/28 MP: 3/3
  1403 | D:1      | Reached XP level 4. HP: 16/34 MP: 4/4
  2304 | D:2      | Noticed Jessica
  2319 | D:2      | Killed Jessica
  2320 | D:2      | Reached skill level 5 in Dodging
  2320 | D:2      | Reached XP level 5. HP: 17/41 MP: 5/5
  3342 | D:3      | Found a sacrificial altar of Ru.
  3469 | D:3      | Noticed Ijyb
  3483 | D:3      | Killed Ijyb
  4197 | D:4      | Found a staircase to the Ecumenical Temple.
  4208 | Temple   | Entered the Ecumenical Temple
  4212 | Temple   | Became a worshipper of Warmaster Okawaru
  4323 | D:4      | Found a sand-covered staircase.
  4330 | Ossuary  | Entered an ossuary
  4368 | Ossuary  | Reached XP level 6. HP: 36/48 MP: 6/6
  5552 | D:4      | Found a snail-covered altar of Cheibriados.
  5681 | D:4      | Noticed a black bear
  5687 | D:4      | Killed a black bear
  5688 | D:4      | Reached skill level 6 in Dodging
  5688 | D:4      | Reached XP level 7. HP: 51/54 MP: 7/7
  5720 | D:4      | Found a runed translucent gate.
  5722 | D:4      | Found a runed translucent gate.
  5724 | D:4      | Found a runed translucent gate.
  5753 | D:4      | Noticed Borgoz's ghost (novice GrGl)
  5759 | D:4      | You fall into a shaft and drop 3 floors!
  5763 | D:7      | Reached * piety under Okawaru
  5972 | D:7      | Found Kaoth's Antique Armour Shoppe.
  5983 | D:7      | Bought a runed scarf for 224 gold pieces
  6045 | D:7      | Noticed Menkaure
  6050 | D:7      | Reached skill level 5 in Fighting
  6061 | D:7      | Killed Menkaure
  6062 | D:7      | Reached skill level 10 in Polearms
  6062 | D:7      | Reached skill level 7 in Dodging
  6062 | D:7      | Reached XP level 8. HP: 18/62 MP: 8/8
  6492 | D:6      | Reached ** piety under Okawaru
  6504 | D:6      | You fall into a shaft and drop 2 floors!
  6766 | D:7      | Noticed a manticore
  6782 | D:7      | Killed a manticore
  6783 | D:7      | Reached skill level 8 in Dodging
  7062 | D:7      | Found a bloodstained altar of Trog.
  7095 | D:7      | Noticed a kobold demonologist
  7107 | D:7      | Killed a kobold demonologist
  7108 | D:7      | Reached XP level 9. HP: 61/71 MP: 6/9
  7467 | D:7      | Noticed a troll
  7891 | D:5      | Entered Level 5 of the Dungeon
  8773 | D:5      | Reached skill level 9 in Dodging
  9105 | D:6      | Reached *** piety under Okawaru
  9642 | D:6      | Noticed Eustachio
  9656 | D:6      | Killed Eustachio
  9796 | D:6      | Noticed Pikel
  9804 | D:6      | Killed Pikel
  9805 | D:6      | Reached XP level 10. HP: 80/80 MP: 8/10
 10089 | D:7      | Upgraded the game from 0.27.1-2-g3b301248ec to
                  | 0.27.1-3-gb3d3a73c9e
 10152 | D:7      | Reached skill level 10 in Dodging
 10508 | D:7      | Found a runed translucent door.
 10509 | D:7      | Noticed Crazy Yiuf
 10516 | D:7      | Killed Crazy Yiuf
 11358 | D:8      | Reached **** piety under Okawaru
 11365 | D:8      | Found a shimmering blue altar of Sif Muna.
 11515 | D:8      | Found a shadowy altar of Dithmenos.
 11519 | D:8      | Found a basalt altar of Yredelemnul.
 11524 | D:8      | Found a white marble altar of Elyvilon.
 11685 | D:8      | You fall into a shaft and drop 1 floor!
 11737 | D:9      | Reached skill level 11 in Dodging
 11906 | D:9      | Found a shimmering altar of Xom.
 12035 | D:9      | Found a staircase to the Orcish Mines.
 12182 | D:9      | Reached ***** piety under Okawaru
 12781 | D:10     | Entered Level 10 of the Dungeon
 13082 | D:10     | Received a gift from Okawaru
 13220 | D:10     | Reached skill level 15 in Polearms
 13220 | D:10     | Reached XP level 11. HP: 89/89 MP: 11/11
 13434 | D:10     | Reached skill level 1 in Stealth
 13441 | D:10     | Reached skill level 1 in Invocations
 13589 | Orc:1    | Entered Level 1 of the Orcish Mines
 13762 | D:11     | Received a gift from Okawaru
 13829 | D:11     | Noticed a boulder beetle
 13864 | D:11     | Killed a boulder beetle
 14042 | D:11     | Found Eweur's Self-Improvement Boutique.
 14328 | D:11     | Received a gift from Okawaru
 14333 | D:11     | Found a staircase to the Lair.
 14369 | D:11     | Reached skill level 12 in Dodging
 14611 | Lair:1   | Entered Level 1 of the Lair of Beasts
 14619 | Lair:1   | Received a gift from Okawaru
 14721 | Lair:1   | Reached skill level 10 in Fighting
 14893 | Lair:1   | Found a runed translucent gate.
 14895 | Lair:1   | Found a runed translucent gate.
 14899 | Lair:1   | Found a runed translucent gate.
 14910 | Lair:1   | Noticed Domino's ghost (journeyman MiBe)
 14910 | Lair:1   | Noticed raph's ghost (journeyman DDNe)
 14911 | Lair:1   | Noticed MisterFreud's ghost (journeyman GnFi)
 14938 | Lair:1   | Reached skill level 5 in Throwing
 14938 | Lair:1   | Reached skill level 5 in Invocations
 15003 | Lair:1   | Reached XP level 12. HP: 97/97 MP: 15/15
 15036 | Lair:1   | Noticed a four-headed hydra
 15053 | Lair:1   | Killed a four-headed hydra
 15120 | Lair:1   | Noticed a five-headed hydra
 15132 | Lair:1   | Killed a five-headed hydra
 15354 | Lair:1   | Noticed Fannar
 15371 | Lair:1   | Killed Fannar
 15372 | Lair:1   | Reached skill level 5 in Stealth
 15400 | Lair:1   | Identified the +5 hunting sling of the Shouting Shark
                  | {venom, Fly rC+}
 15470 | Lair:1   | Noticed Harold
 15481 | Lair:1   | Killed Harold
 15481 | Lair:1   | Identified the +8 halberd of Inconvenience {freeze, Drain
                  | Fragile rF++ rN+++} (Okawaru gifted it to you on level 1 of
                  | the Lair of Beasts)
 15481 | Lair:1   | Received a gift from Okawaru
 16102 | Lair:2   | Reached skill level 13 in Dodging
 16403 | Lair:2   | Identified the +17 plate armour of Toumei {rF++ Int+4}
                  | (Okawaru gifted it to you on level 2 of the Lair of Beasts)
 16403 | Lair:2   | Received a gift from Okawaru
 16534 | Lair:2   | Found a staircase to the Snake Pit.
 16539 | Lair:2   | Found a staircase to the Swamp.
 16621 | Lair:2   | Reached XP level 13. HP: 106/106 MP: 19/19
 17445 | Lair:3   | Noticed Nergalle
 17470 | Lair:3   | Killed Nergalle
 17471 | Lair:3   | Reached skill level 1 in Evocations
 17592 | Lair:3   | Reached skill level 1 in Armour
 17630 | Lair:3   | Received a gift from Okawaru
 17802 | Lair:3   | Received a gift from Okawaru
 17915 | Lair:3   | You fall into a shaft and drop 1 floor!
 18099 | Lair:4   | Reached skill level 14 in Dodging
 18163 | Lair:4   | Received a gift from Okawaru
 18169 | Lair:4   | Reached ****** piety under Okawaru
 18382 | Lair:4   | You fall into a shaft and drop 1 floor!
 18403 | Lair:5   | Reached XP level 14. HP: 95/114 MP: 20/20
 18523 | Lair:4   | Identified the +0 robe of the Swan {Harm rC+}
 19155 | Lair:5   | You fall into a shaft and drop 1 floor!
 19155 | Lair:6   | Entered Level 6 of the Lair of Beasts
 19166 | Lair:6   | Identified the +0 buckler of Abstinence {rC- Str+3 Int+3
                  | Dex+4} (Okawaru gifted it to you on level 6 of the Lair of
                  | Beasts)
 19166 | Lair:6   | Received a gift from Okawaru
 19259 | Lair:6   | Found a staircase to the Slime Pits.
 19454 | Lair:6   | Found a viscous altar of Jiyva.
 19579 | Lair:6   | Noticed Urug
 19603 | Lair:6   | Killed Urug
 20236 | Lair:6   | Reached skill level 5 in Evocations
 20371 | Lair:6   | Found an ornate altar of the Wu Jian Council.
 20609 | Lair:6   | Received a gift from Okawaru
 20646 | Lair:6   | Reached skill level 15 in Dodging
 21579 | Orc:1    | Identified the +7 bardiche "Goblinbane" {holy, Str-5 Int+7}
                  | (Okawaru gifted it to you on level 1 of the Orcish Mines)
 21579 | Orc:1    | Received a gift from Okawaru
 21580 | Orc:1    | Reached XP level 15. HP: 93/122 MP: 19/21
 21663 | Orc:2    | Entered Level 2 of the Orcish Mines
 21663 | Orc:2    | Found a staircase to the Elven Halls.
 21780 | Orc:2    | Paralysed by an orc sorcerer for 4 turns
 21863 | Orc:2    | Learned a level 4 spell: Animate Dead
 21963 | Orc:2    | Found a runed translucent gate.
 21964 | Orc:2    | Found a runed translucent gate.
 21965 | Orc:2    | Found a runed translucent gate.
 21976 | Orc:2    | Noticed raph's ghost (journeyman MfGl)
 21978 | Orc:2    | Noticed an orc warlord
 21980 | Orc:2    | Found an iron altar of Okawaru.
 23160 | Orc:2    | Reached skill level 1 in Spellcasting
 23167 | Orc:2    | Reached skill level 1 in Necromancy
 23212 | Orc:2    | HP: 6/122 [orc knight (16)]
 23651 | Orc:2    | Received a gift from Okawaru
 23669 | Orc:2    | Found Ripsus's Book Shoppe.
 23669 | Orc:2    | Found Arukkoik's Antique Armour Boutique.
 23672 | Orc:2    | Found Qoizus's Weapon Shoppe.
 23672 | Orc:2    | Found Lobe's Magic Scroll Boutique.
 23682 | Orc:2    | Bought a scroll of identify for 24 gold pieces
 23682 | Orc:2    | Bought a scroll of identify for 24 gold pieces
 23686 | Orc:2    | Bought a pair of slimy boots for 256 gold pieces
 23686 | Orc:2    | Identified the +0 pair of boots of Itanavu {Slay+2 SInv}
                  | (You bought it in a shop on level 2 of the Orcish Mines)
 23686 | Orc:2    | Bought runed steam dragon scales for 1161 gold pieces
 23701 | Orc:2    | Bought a scroll of enchant weapon for 90 gold pieces
 23701 | Orc:2    | Bought a scroll of enchant armour for 90 gold pieces
 23701 | Orc:2    | Bought a scroll of enchant weapon for 90 gold pieces
 24279 | D:12     | Found the +3 sling "Punk" {acid, rCorr}
 24345 | D:12     | Received a gift from Okawaru
 24379 | D:12     | Reached skill level 5 in Armour
 24513 | D:12     | Received a gift from Okawaru
 24878 | D:12     | Received a gift from Okawaru
 24910 | D:12     | Reached skill level 10 in Throwing
 25047 | D:12     | Identified the +7 trident of Gublops {venom, Str+7 Int+6}
 25434 | D:13     | You fall into a shaft and drop 1 floor!
 25685 | D:13     | Found a gate to the Vaults.
 25772 | D:13     | Noticed Josephine
 25778 | D:13     | Killed Josephine
 25779 | D:13     | Reached skill level 16 in Dodging
 26105 | D:13     | Reached XP level 16. HP: 81/131 MP: 19/22
 26110 | D:13     | Received a gift from Okawaru
 26814 | D:15     | Entered Level 15 of the Dungeon
 27328 | D:15     | Learned a level 2 spell: Blink
 27388 | D:15     | Reached skill level 1 in Translocations
 27769 | D:15     | Received a gift from Okawaru
 28081 | D:15     | Found a staircase to the Depths.
 28306 | Swamp:1  | Entered Level 1 of the Swamp
 28350 | Swamp:1  | Noticed a fenstrider witch
 28553 | Swamp:1  | Killed a fenstrider witch
 28730 | Swamp:1  | Noticed Frances
 28737 | Swamp:1  | Gained mutation: Your magical capacity is low. (-10% MP) [a
                  | neqoxec]
 28754 | Swamp:1  | Killed Frances
 29030 | Swamp:2  | Noticed a tentacled monstrosity
 29037 | Swamp:2  | Killed a tentacled monstrosity
 29038 | Swamp:2  | Reached skill level 5 in Spellcasting
 29074 | Swamp:2  | Learned a level 1 spell: Animate Skeleton
 29181 | Swamp:2  | Reached XP level 17. HP: 84/139 MP: 22/22
 29264 | Swamp:2  | Noticed a tentacled monstrosity
 29279 | Swamp:2  | Killed a tentacled monstrosity
 29479 | Swamp:2  | Received a gift from Okawaru
 30169 | Swamp:3  | Received a gift from Okawaru
 30245 | Swamp:3  | Received a gift from Okawaru
 31173 | Swamp:3  | Received a gift from Okawaru
 31366 | Swamp:3  | Noticed Bai Suzhen
 31666 | Swamp:4  | Entered Level 4 of the Swamp
 32225 | Swamp:4  | Noticed Nikola
 32273 | Swamp:4  | Killed Nikola
 32274 | Swamp:4  | Reached skill level 17 in Dodging
 32274 | Swamp:4  | Reached skill level 5 in Translocations
 33578 | Swamp:4  | HP: 7/140 [something (3)]
 34258 | Swamp:4  | Got a decaying rune of Zot
 34455 | Snake:1  | Entered Level 1 of the Snake Pit
 35052 | Snake:1  | Received a gift from Okawaru
 35625 | Snake:1  | Received a gift from Okawaru
 36512 | Snake:1  | Received a gift from Okawaru
 36572 | Snake:1  | Received a gift from Okawaru
 36752 | Snake:1  | Reached XP level 18. HP: 140/147 MP: 24/24
 37314 | Snake:1  | Received a gift from Okawaru
 37771 | Snake:2  | Noticed Vashnia
 38241 | Snake:1  | Identified the +1 bardiche "Loshrun" {vorpal, Drain Fragile
                  | +Rage SInv} (Okawaru gifted it to you on level 1 of the
                  | Snake Pit)
 38241 | Snake:1  | Received a gift from Okawaru
 39433 | Snake:2  | Killed Vashnia
 39447 | Snake:2  | HP: 5/148 [naga sharpshooter/bolt[Vashnia] (13)]
 40210 | Snake:2  | Reached skill level 15 in Fighting
 40628 | Snake:2  | Identified the +6 halberd "Bitajues" {drain, Int+4 Dex-2}
                  | (Okawaru gifted it to you on level 2 of the Snake Pit)
 40628 | Snake:2  | Received a gift from Okawaru
 41133 | Snake:2  | Noticed Aizul
 41156 | Snake:2  | Killed Aizul
 42045 | Snake:2  | Learned a level 5 spell: Manifold Assault
 43049 | Snake:3  | Reached skill level 18 in Dodging
 43054 | Snake:3  | Received a gift from Okawaru
 43491 | Snake:3  | Received a gift from Okawaru
 43905 | Snake:4  | Entered Level 4 of the Snake Pit
 44140 | Snake:4  | HP: 7/149 [poisoned by naga warrior (concentrated venom)]
 44930 | Vaults:1 | Entered Level 1 of the Vaults
 45766 | Vaults:1 | Found Hyanowku's Antique Weapon Shoppe.
 45893 | Vaults:1 | Reached XP level 19. HP: 122/155 MP: 25/25
 46985 | Vaults:2 | Found a staircase to the Crypt.
 47031 | Vaults:1 | Slain by a jiangshi

Illustrated notes

Levels and vault maps discovered:
D:1:      lightli_arrival_farm, layout_basic, ebering_ecumenical_altar_hall
D:2:      layout_loops_cross, uniq_jessica
D:3:      layout_loops_corners, hangedman_ru_absence, uniq_ijyb
D:4:      layout_gridville, old_standard_altar,
          minmay_temple_entry_antechambers, chequers_ossuary_entry_cave,
          gammafunk_ghost_icy, minmay_increasing_density
D:5:      layout_loops_cross
D:6:      layout_basic, uniq_eustachio, uniq_pikel
D:7:      layout_layer_cave, mainiacjoe_overflow_concentric_impassable,
          serial_shops, nicolae_shop_stone, kb_rosetta, uniq_menkaure,
          uniq_crazy_yiuf_cottage
D:8:      layout_loops_ring, marbit_many_paths, minitemple
D:9:      layout_basic, xom_teletrap_fun, zombieorc2_lemuel, hex_large,
          hangedman_glass_teeth, minmay_statues_item
D:10:     layout_irregular_city
D:11:     layout_basic, david_lair_shrubbed, nicolae_shop_self_help
D:12:     minmay_swirls_squares, layout_rooms, serial_park_tiny_pond,
          water_maze_lemuel
D:13:     layout_roguey, david_vaults_2, enter_bailey_2,
          kennysheep_generic_room_3, uniq_josephine
D:14:     layout_loops_ring, minmay_misc_feat_hallway
D:15:     gammafunk_enter_depths_forms, layout_rooms, minmay_misc_feat_cross
Temple:   zaba_magenta_temple
Lair:1:   layout_regular_city, gammafunk_ghost_cemetery, lemuel_fruit_tree,
          grunt_megastairs_2, serial_bayou_shore_b, minmay_lair_oklob_chamber,
          uniq_fannar, uniq_harold
Lair:2:   nzn_winding_woodlands_cross [nzn_winding_woodlands_5x15_concentric,
          nzn_winding_woodlands_5x15_jagged, nzn_winding_woodlands_5x15_twine,
          nzn_winding_woodlands_5x15_pool,
          nzn_winding_woodlands_15x15_five_gardens], layout_long_grid,
          minmay_swamp_entry_wisps
Lair:3:   layout_gridlike, nicolae_quartered_pool_medium, st_stairs_8,
          uniq_nergalle
Lair:4:   layout_regular_city, beast_lair_carwin_1
Lair:5:   layout_long_grid, serial_bayou_lagoon_a
Lair:6:   evilmike_catoblepas_cave, layout_regular_city, slime_altar_1,
          lemuel_oklob_altar, uniq_urug
Swamp:1:  layout_basic_swamp, nicolae_swamp_very_dense_foliage, swamp_pool2,
          cheibrodos_swamp_witchery, uniq_frances
Swamp:2:  layout_basic_swamp, evilmike_swamp_ruin_rubble_2, swamp_pool1
Swamp:3:  layout_basic_swamp, evilmike_swamp_ruin_house_5,
          infiniplex_staircase_pool, uniq_bai_suzhen
Swamp:4:  swamp_icy, layout_basic_swamp, portal_ice_cave_entry_ice_statue_two,
          swamp_pool2, uniq_nikola, uniq_kirke
Snake:1:  layout_onion, nicolae_snake_gridmaze_waves
Snake:2:  layout_rooms, nicolae_snake_dead_anacondas, uniq_aizul, uniq_vashnia
Snake:3:  layout_onion_interference, hangedman_snake_pattern, grunt_megastairs_3
Snake:4:  johnstein_snake_rune_scales, layout_layer_cave, serial_shops,
          shop_fountains, grunt_megastairs_4
Orc:1:    layout_diamond_mine, serial_shops, nicolae_shop_statue_plus
Orc:2:    grunt_orc_tribal_feast, layout_diamond_mine,
          gammafunk_ghost_fury_of_okawaru
Vaults:1: v_misc_4, ontoclasm_vaults_bender, vaults_mumra_chevron, v_pattern_4,
          vaults_dpeg_diagonal, vaults_room_grunt_arrival_ludios,
          layout_vaults_big_room, serial_shops, nicolae_diamond_shop
Vaults:2: vaults_room_hallway, hangedman_vaults_variations,
          nicolae_vaults_network_square, hangedman_vaults_river_flow,
          ontoclasm_vaults_eye, vaults_room_hallway,
          minmay_crypt_entry_simple_sparse, v_misc_17,
          nicolae_vaults_little_squares_1, layout_vaults_omnigrid, uniq_margery,
          uniq_saint_roka, uniq_sojobo

Skill      XL: |  1  2  3  4  5  6  7  8  9 10 11 12 13 14 15 16 17 18 |
---------------+-------------------------------------------------------+-----
Polearms       | 5 6 7 8 10 12 13 15 16 17 | 17.9
Fighting       | 3 4 5 6 7 9 10 11 12 13 14 15 | 15.5
Dodging        | 5 6 7 8 9 11 12 13 14 15 16 17 18 | 18.3
Throwing       | 3 5 6 8 9 10 11 12 | 12.7
Stealth        | 4 6 8 9 |  9.0
Invocations    | 5 8 |  8.9
Evocations     | 3 6 7 8 9 |  9.4
Armour         | 2 4 5 6 7 8 |  8.4
Spellcasting   | 3 5 6 |  6.2
Necromancy     | 3 |  3.8
Translocations | 3 5 6 |  6.5

Action                   |  1- 3 |  4- 6 |  7- 9 | 10-12 | 13-15 | 16-18 | 19-21 || total
-------------------------+-------+-------+-------+-------+-------+-------+-------++-------
Melee: Trident           |   107 |   247 |   192 |    18 |    16 |       |       ||   580
       Halberd           |       |       |   100 |   731 |  1057 |  1455 |    90 ||  3433
       Unarmed           |       |       |     7 |       |       |       |       ||     7
       Tailslap          |       |       |       |     2 |     1 |    27 |       ||    30
       Glaive            |       |       |       |       |       |    21 |       ||    21
Throw: Throwing net      |       |       |     1 |       |     4 |     5 |       ||    10
       Boomerang         |       |       |       |     3 |    78 |   174 |       ||   255
       Javelin           |       |       |       |    21 |    50 |   111 |       ||   182
       Dart              |       |       |       |     4 |       |       |       ||     4
 Cast: Animate Dead      |       |       |       |       |       |     1 |       ||     1
       Animate Skeleton  |       |       |       |       |       |     6 |       ||     6
       Blink             |       |       |       |       |       |    10 |     1 ||    11
Invok: Heroism           |       |       |    10 |    15 |    26 |    26 |     3 ||    80
       Finesse           |       |       |       |     7 |    11 |     7 |     1 ||    26
Evoke: Wand              |       |       |       |       |     2 |    14 |       ||    16
  Use: Scroll            |       |    13 |     3 |     9 |    14 |    14 |     1 ||    54
       Potion            |       |     1 |     1 |     1 |     2 |     3 |       ||     8
 Stab: Sleeping          |     3 |     4 |     5 |     7 |    29 |    35 |       ||    83
       Distracted        |       |       |       |     1 |     5 |    10 |       ||    16
       Held in net/web   |       |       |       |       |       |     1 |       ||     1
Armor: Leather armour    |    17 |    41 |    40 |     9 |       |       |       ||   107
       Skin              |       |       |    10 |       |     3 |       |       ||    13
       Troll leather arm |       |       |       |   121 |   185 |    58 |       ||   364
       Plate armour      |       |       |       |       |    55 |       |       ||    55
       Swamp dragon scal |       |       |       |       |       |   298 |    19 ||   317
Dodge: Dodged            |    63 |   119 |   158 |   475 |   765 |  1171 |    73 ||  2824
